 Dungeon Crawl Stone Soup version 0.27.0-1-g7a089689b8 (webtiles) character file.

Game seed: 7679236397977966926

135 avis the Insei (level 5, -5/36 HPs)
             Began as an Octopode Transmuter on Aug 6, 2021.
             Slain by Natasha (8 damage)
             ... on level 2 of the Dungeon.
             The game lasted 00:17:50 (2127 turns).

avis the Insei (Octopode Transmuter)                Turns: 2127, Time: 00:17:50

Health: -5/36      AC:  1    Str: 11    XL:     5   Next: 18%
Magic:  1/8        EV: 13    Int: 15    God:
Gold:   93         SH:  0    Dex: 12    Spells: 4/8 levels left

rFire    . . .     SeeInvis .   b - +0 hunting sling
rCold    . . .     Faith    .   (no shield)
rNeg     . . .     Spirit   .   (helmet restricted)
rPois    .         Reflect  .   (no amulet)
rElec    .         Harm     .   (no ring)
rCorr    .         Rampage  .   (no ring)
Will     .....                  (no ring)
Stlth    +++.......             (no ring)
HPRegen  0.12/turn              (no ring)
MPRegen  0.11/turn              (no ring)
                                (no ring)
                                (no ring)

@: very slightly contaminated
A: almost no armour, amphibious, 8 rings, camouflage 1, gelatinous body 1,
(nimble swimmer 1), tentacles
a: no special abilities


You were on level 2 of the Dungeon.
You visited 1 branch of the dungeon, and saw 2 of its levels.

You collected 93 gold pieces.

Inventory:

Hand Weapons
 b - a +0 hunting sling (weapon)
Missiles
 a - 7 sling bullets (quivered ammo)
 f - 6 stones
 j - 20 arrows
Jewellery
 i - an amulet of regeneration
Scrolls
 c - a scroll of summoning {unknown}
 d - a scroll of magic mapping {unknown}
Potions
 e - a potion of flight {unknown}
 h - a potion of curing


   Skills:
 - Level 3.0 Fighting
 - Level 2.0 Dodging
 - Level 2.0 Stealth
 * Level 4.1 Unarmed Combat
 - Level 2.0 Spellcasting
 - Level 2.0 Transmutations
 - Level 2.0 Poison Magic


You had 4 spell levels left.
You knew the following spells:

 Your Spells              Type           Power      Damage    Failure   Level
a - Beastly Appendage     Tmut           14%        N/A       10%         1
p - Spider Form           Tmut/Pois      3%         N/A       28%         3

Your spell library contained the following spells:

 Spells                   Type           Power      Damage    Failure   Level
 Wereblood                Tmut           7%         N/A       14%         2
 Summon Small Mammal      Summ           4%         N/A       22%         1
 Call Canine Familiar     Summ           1%         N/A       54%         3
 Summon Guardian Golem    Hex/Summ       1%         N/A       54%         3
 Ice Form                 Ice/Tmut       4%         N/A       82%         4


Dungeon Overview and Level Annotations

Branches:
Dungeon (2/15)

Altars:

Shops:
D:1 !

Annotations:
D:2 Natasha


Innate Abilities, Weirdness & Mutations

You cannot wear most types of armour.
You are amphibious.
You can wear up to eight rings at the same time.
Your skin changes colour to match your surroundings (Stealth+).
Your rubbery body absorbs attacks. (AC +1, EV +1)
((You are camouflaged near water. (Stealth+)))
You have tentacles for arms and can constrict up to eight enemies at once.


Message History

Natasha is severely wounded.
Natasha claws you!
* * * LOW HITPOINT WARNING * * *
You hit Natasha but do no damage.
Natasha is severely wounded.
Natasha casts a spell at you. You resist with some effort.
You bite Natasha!
You kill Natasha!
Suddenly Natasha's spirit rises from her lifeless body.
The white imp disappears in a puff of smoke!
The iron imp disappears in a puff of smoke!
Training target 3.0 for Fighting reached!
Your Fighting skill increases to level 3!
You need to enable at least one skill for training.
You have reached level 5!
You feel stronger.
You see here the felid corpse of Natasha.
Found a hunting sling.
Your transformation has ended.
Your +0 hunting sling unmelds from your body.
h - a potion of curing;
a - 7 sling bullets (gained 3) Natasha opens the door.
You see here the felid corpse of Natasha.
Things that are here:
a +0 robe; a +0 dagger; the human corpse of Jessica Natasha growls.
Casting: Spider Form (quite dangerous; 28% risk of failure)
Confirm with . or Enter, or press ? or * to list all spells.
The spell is quite dangerous to cast (28% risk of failure)!
Continue anyway?
You miscast Spider Form.
You are very lightly contaminated with residual magic.
Nothing appears to happen.
Natasha claws you.
* * * LOW HITPOINT WARNING * * *
As you read the scroll labelled JOINUHU KAOHEFF, it crumbles to dust.
It is a scroll of amnesia.
Really abort (and waste the scroll)?
Okay, then.
Natasha claws you!
You die...

#.# #.# #.# #.#
#†# ### #[# #...#
#.# ##...#
#h######†...####
#.@............##
#####............
##..........#
##†...#...#
#.#....†..#
##.#..#...#
##.#.#.###
###.#.###.#
#.......#


You could see Natasha.

Vanquished Creatures
  Jessica (D:2)
  Natasha (D:2)
  A hound skeleton (D:2)
  An adder (D:2)
  3 worms (D:2)
  2 dart slugs (D:1)
  2 bats (D:1)
  A giant cockroach (D:1)
  6 goblins
  9 hobgoblins
  3 kobolds
  4 quokkas
  5 ball pythons
  2 frilled lizards (D:1)
  8 rats
49 creatures vanquished.

Notes
Turn   | Place    | Note
-------+----------+-------------------------------------------
     0 | D:1      | avis the Octopode Transmuter began the quest for the Orb.
     0 | D:1      | Reached XP level 1. HP: 13/13 MP: 3/3
   125 | D:1      | Reached skill level 1 in Stealth
   277 | D:1      | Reached XP level 2. HP: 11/18 MP: 3/5
   755 | D:1      | Reached skill level 1 in Poison Magic
   817 | D:1      | Reached XP level 3. HP: 18/24 MP: 3/6
   825 | D:1      | Learned a level 3 spell: Spider Form
  1112 | D:1      | Found Acsieph's Distillery.
  1755 | D:2      | Reached XP level 4. HP: 20/29 MP: 5/7
  1968 | D:2      | Reached skill level 4 in Unarmed Combat
  2094 | D:2      | Noticed Jessica
  2096 | D:2      | Noticed Natasha
  2102 | D:2      | Killed Jessica
  2111 | D:2      | Killed Natasha
  2112 | D:2      | Reached XP level 5. HP: 4/36 MP: 2/8
  2118 | D:2      | Noticed Natasha
  2127 | D:2      | Slain by Natasha

Illustrated notes

Levels and vault maps discovered:
D:1:      heliophobic_arrival_dark_side_of_the_moon, layout_basic, serial_shops,
          nicolae_shop_behind_doors, hangedman_abyss_or_decor_lesser_grid,
          nrook_loot_triangle
D:2:      layout_loops_corners, uniq_natasha, uniq_jessica

Skill      XL: |  1  2  3  4 |
---------------+-------------+-----
Stealth        | 2 |  2.0
Fighting       | 2 3 |  3.0
Poison Magic   | 1 2 |  2.0
Unarmed Combat | 4 |  4.1
Dodging        | |  2.0
Spellcasting   | |  2.0
Transmutations | |  2.0

Action                   |  1- 3 |  4- 6 || total
-------------------------+-------+-------++-------
Melee: Unarmed           |    49 |    14 ||    63
       Constrict         |    12 |     2 ||    14
       Kick              |     9 |     1 ||    10
       Tentacles         |     8 |     4 ||    12
 Fire: Hunting sling     |    67 |     9 ||    76
 Cast: Beastly Appendage |    23 |     2 ||    25
       Spider Form       |       |     1 ||     1
  Use: Potion            |       |     1 ||     1
       Scroll            |       |     1 ||     1
 Stab: Sleeping          |     2 |       ||     2
Armor: Skin              |     6 |       ||     6
Dodge: Dodged            |    28 |     4 ||    32
